 Dungeon Crawl Stone Soup version 0.28-a0-998-gb9e9c7b67e (webtiles) character file.

Game seed: 4130893171145085785

4151 tilp the Destroyer (level 10, 37/37 HPs)
             Began as a Felid Ice Elementalist on Dec 5, 2021.
             Was an Elder of Ru.
             Quit the game on level 1 of the Lair of Beasts.
             The game lasted 00:29:24 (19626 turns).

tilp the Destroyer (Felid Ice Elementalist)        Turns: 19626, Time: 00:29:25

Health: 37/37      AC:  2    Str:  4    XL:     10   Next: 7%
Magic:  20/20      EV: 20    Int: 28    God:    Ru [****..]
Gold:   664        SH:  0    Dex: 18    Spells: 5/21 levels left
                                        Lives:  0   Deaths: 3

rFire   + . .      SeeInvis +     - Unarmed
rCold   + . .      Faith    +   (shield unavailable)
rNeg    . . .      Spirit   .   (armour unavailable)
rPois   .          Reflect  .   (helmet unavailable)
rElec   +          Harm     .   (cloak unavailable)
rCorr   +          Rampage  .   (gloves unavailable)
Will    +....                   (boots unavailable)
Stlth   ++++......              g - amulet of Byiret {Faith rElec rF+ rCorr Dex+4}
HPRegen 0.12/turn               w - ring of willpower
MPRegen 0.17/turn               a - ring of Nonat Vuta {rC+ Int+6 Dex-2}

@: quick
A: very small, claws 1, fangs 3, see invisible, speed 1, frail 1, shaggy fur 2,
weak-willed 1, stealthy paws, missing an eye, no weapons or thrown items, no
armour, multi-lived
a: Renounce Religion, Draw Out Power, Power Leap


You were on level 1 of the Lair of Beasts.
You worshipped Ru.
Ru was greatly pleased with you.
You visited 3 branches of the dungeon, and saw 13 of its levels.
You also visited: Ossuary.

You collected 664 gold pieces.

Inventory:

Jewellery
 a - the ring of Nonat Vuta (right paw) {rC+ Int+6 Dex-2}
   (You acquired it on level 2 of the Dungeon)

   [ring of protection from cold]

   Int:       It affects your intelligence (+6).
   Dex:       It affects your dexterity (-2).
   rC:        It protects you from cold.
 b - a +6 ring of dexterity
 e - an amulet of reflection
 g - the amulet of Byiret (around neck) {Faith rElec rF+ rCorr Dex+4}
   (You acquired it on level 4 of the Dungeon)

   [amulet of faith]

   It allows you to gain divine favour quickly.
   Dex:       It affects your dexterity (+4).
   rF:        It protects you from fire.
   rElec:     It insulates you from electricity.
   rCorr:     It protects you from acid and corrosion.
 j - a ring of protection from cold
 m - a ring of protection from fire
 p - a ring of wizardry
 w - a ring of willpower (left paw)
 y - a ring of protection from fire
Wands
 h - a wand of acid (6)
 l - a wand of iceblast (2)
 D - a wand of flame (5)
Scrolls
 i - a scroll of fog
 o - 4 scrolls of teleportation
 v - a scroll of silence
 A - 3 scrolls of amnesia
Potions
 c - a potion of brilliance
 d - 4 potions of flight
 f - 3 potions of haste
 k - 2 potions of lignification
 n - 5 potions of curing
 q - a potion of heal wounds
 r - 3 potions of mutation
 s - a potion of attraction
 t - a potion of ambrosia
 u - a potion of might
 z - a potion of invisibility


   Skills:
 + Level 4.1 Fighting
 - Level 6.0 Dodging
 - Level 8.0 Stealth
 - Level 6.0 Unarmed Combat
 - Level 6.0 Spellcasting
 - Level 10.0 Conjurations
 - Level 6.0 Hexes
 - Level 10.0 Ice Magic
 - Level 4.0 Evocations


You had 5 spell levels left.
You knew the following spells:

 Your Spells              Type           Power      Damage    Failure   Level
a - Freeze                Ice            100%       1d11      1%          1
b - Frozen Ramparts       Ice            100%       1d12      1%          3
c - Ozocubu's Armour      Ice            59%        N/A       1%          3
d - Hailstorm             Conj/Ice       59%        3d13      1%          4
e - Ensorcelled Hibernat  Hex/Ice        100%       N/A       1%          2
f - Tukima's Dance        Hex            42%        N/A       1%          3

Your spell library contained the following spells:

 Spells                   Type           Power      Damage    Failure   Level
 Static Discharge         Conj/Air       36%        N/A       1%          2
 Animate Skeleton         Necr           16%        N/A       6%          1
 Sticky Flame             Conj/Fire      36%        2d6       8%          4
 Gell's Gravitas          Tloc           8%         N/A       19%         3
 Lesser Beckoning         Tloc           8%         N/A       19%         3
 Teleport Other           Tloc           8%         N/A       19%         3
 Dispel Undead            Necr           8%         3d8       52%         4
 Death Channel            Necr           4%         N/A       100%        6
 Haunt                    Necr/Summ      4%         N/A       100%        7


Dungeon Overview and Level Annotations

Branches:
Dungeon (11/15)            Temple (1/1) D:7            Lair (1/6) D:11
    Orc (0/2) D:9         Ossuary (visited)

Altars:
Ashenzari
Cheibriados
Dithmenos
Elyvilon
Fedhas
Gozag
Hepliaklqana
Kikubaaqudgha
Makhleb
Nemelex Xobeh
Okawaru
Qazlal
Ru
Sif Muna
Trog
Uskayaw
Vehumet
Wu Jian
Xom
Yredelemnul
Zin
The Shining One

Shops:
D:1 [

Annotations:
D:5 3 runed translucent doors, Armakuni's ghost, amateur HuMo; ThreePoint314's ghost, novice DsGl; ThreePoint314's ghost, novice HOCK
D:11 exclusion: fire dragon, Psyche


Innate Abilities, Weirdness & Mutations

You have sharp claws.
You have razor-sharp teeth.
You have supernaturally acute eyesight. (SInv)
You cover ground quickly. (Speed+)
You are frail. (-10% HP)
You are covered in thick fur. (AC +2)
You are slightly weak-willed. (Will-)
Your paws help you pounce on unaware monsters.
You are missing an eye, making it more difficult to aim.
You are incapable of wielding weapons or throwing items.
You cannot wear armour.
You gain extra lives every three experience levels.


Message History

Aiming: Freeze (safe; 1% risk of failure)
Press: ? - help, Shift-Dir - straight line, f/p - four-headed hydra
Aim: a four-headed hydra (severely wounded)
You freeze the four-headed hydra.
The four-headed hydra is almost dead.
The four-headed hydra seems to slow down.
The four-headed hydra bites you!
* * * LOW HITPOINT WARNING * * *
The four-headed hydra barely misses you.
The four-headed hydra bites you.
* * * LOW HITPOINT WARNING * * *
The four-headed hydra barely misses you.
Casting: Freeze (safe; 1% risk of failure)
Confirm with . or Enter, or press ? or * to list all spells.
Aiming: Freeze (safe; 1% risk of failure)
Press: ? - help, Shift-Dir - straight line, f/p - four-headed hydra
Aim: a four-headed hydra (almost dead, slow)
You freeze the four-headed hydra.
The four-headed hydra is almost dead.
The four-headed hydra seems to slow down.
The rime drake misses you.
The four-headed hydra is stunned by your conviction and fails to attack.
Casting: Freeze (safe; 1% risk of failure)
Confirm with . or Enter, or press ? or * to list all spells.
Aiming: Freeze (safe; 1% risk of failure)
Press: ? - help, Shift-Dir - straight line, f/p - four-headed hydra
Aim: a four-headed hydra (almost dead, slow)
You freeze the four-headed hydra.
The four-headed hydra is almost dead.
The rime drake closely misses you.
The four-headed hydra bites you but does no damage.
The four-headed hydra bites you!
You die...
The four-headed hydra bites you! The four-headed hydra bites you.
You are now level 10!
You rejoin the land of the living...
Unknown command.
Unknown command.
Unknown command.
Are you sure you want to abandon this character and quit the game? (Confirm with "yes".)

*** ******,*****
*,,,,,,,,,,* *,****,**,**
** *,,# ***,,* *, *##,.#
**,* *, ##P#.#* *,****,
##....# *,,**,, #.@.#****
*,,,,,,
**#...#**,*****,****,
*****.......*,*,,,,** *,,
*,,..........#,*,,,****,,
*#.##.......#..,,,,,,,*,,
#,,###...#..,S.,,,,,,,,,
*,** #...####,.,,,,,,*,,
*,** ##..# *,,,,,,**,,,
*>,* *,** *,*,,,,,,,,,


You could see a water moccasin (wandering).

Vanquished Creatures
  A hydra (D:9)
  A two-headed ogre (D:10)
  4 death yaks (D:11)
  6 cane toads (Lair:1)
  2 komodo dragons (Lair:1)
  A kobold demonologist (D:9)
  2 trolls
  A hornet (D:10)
  4 shadows
  2 wraiths
  13 yaks
  A basilisk (D:11)
  3 steam dragons
  Menkaure (D:5)
  2 acid dragons
  3 water moccasins (D:7)
  An orc warrior (D:10)
  2 black bears (D:5)
  2 sky beasts
  A hornet zombie (D:8)
  2 ogres
  2 centaurs
  A phantom (D:5)
  3 kobold brigands (D:9)
  A wyvern zombie (D:7)
  A gnoll sergeant (D:10)
  4 bullfrogs
  10 scorpions
  2 water moccasin zombies
  3 troll zombies (D:9)
  8 wights
  2 howler monkeys
  A bullfrog zombie (D:5)
  5 centaur zombies
  A hound (D:5)
  2 orc priests
  2 bullfrog skeletons (D:6)
  A centaur skeleton (D:6)
  A human zombie (Ossuary)
  2 iguanas
  3 scorpion zombies (Ossuary)
  6 hell rats (Lair:1)
  5 orc wizards
  5 ogre zombies (D:9)
  3 mummies (Ossuary)
  7 gnolls
  10 adders
  2 howler monkey zombies
  A white imp (D:8)
  An adder skeleton (D:4)
  A worm (D:4)
  2 dart slugs
  24 orcs
  3 bats
  3 endoplasms (D:4)
  5 giant cockroaches
  3 gnoll zombies (Ossuary)
  7 goblins
  13 hobgoblins
  7 quokkas
  8 ball pythons
  14 frilled lizards
  A goblin skeleton (D:9)
  2 goblin zombies (D:9)
  4 hobgoblin zombies
  11 kobolds
  2 kobold zombies (Ossuary)
  4 orc skeletons (D:9)
  16 orc zombies
  5 rats
285 creatures vanquished.

Vanquished Creatures (others)
  A yak (D:11)
  A wraith (D:11)
  2 fungi (Lair:1)
  9 plants
  3 withered plants (D:5)
16 creatures vanquished.

Grand Total: 301 creatures vanquished

Notes
Turn   | Place    | Note
-------+----------+-------------------------------------------
     0 | D:1      | tilp the Felid Ice Elementalist began the quest for the
                  | Orb.
     0 | D:1      | Reached XP level 1. HP: 7/7 MP: 4/4
    89 | D:1      | Found Mucoe's Armour Emporium.
   142 | D:1      | Reached skill level 1 in Unarmed Combat
   176 | D:1      | Reached XP level 2. HP: 1/11 MP: 0/6
  1161 | D:1      | Found a faded altar of an unknown god.
  1243 | D:1      | Reached XP level 3. HP: 14/14 MP: 4/7
  1250 | D:1      | Learned a level 3 spell: Frozen Ramparts
  1937 | D:2      | Reached XP level 4. HP: 18/18 MP: 0/9
  1972 | D:2      | Learned a level 3 spell: Ozocubu's Armour
  3380 | D:3      | Noticed a centaur
  3747 | D:2      | Identified a scroll of acquirement
  3747 | D:2      | Acquired the ring of Nonat Vuta {rC+ Int+6 Dex-2}
  3861 | D:4      | Found a glowing silver altar of Zin.
  4651 | D:4      | Found a shimmering blue altar of Sif Muna.
  4782 | D:4      | Acquired the amulet of Byiret {Faith rElec rF+ rCorr Dex+4}
  4806 | D:5      | Entered Level 5 of the Dungeon
  4877 | D:5      | Reached XP level 5. HP: 21/21 MP: 11/11
  4988 | D:5      | Noticed Menkaure
  5080 | D:5      | Found a bloodstained altar of Trog.
  5080 | D:5      | Noticed a black bear
  5080 | D:5      | Noticed a black bear
  5086 | D:5      | Reached skill level 5 in Ice Magic
  5150 | D:5      | Killed a black bear
  5151 | D:5      | Gained mutation: You are covered in thick fur. (AC +2)
                  | [Felid growth]
  5151 | D:5      | Reached XP level 6. HP: 24/24 MP: 6/13
  5705 | D:5      | Reached XP level 7. HP: 17/27 MP: 8/14
  5834 | D:5      | Learned a level 4 spell: Hailstorm
  6027 | D:5      | Found an iron altar of Okawaru.
  6129 | D:5      | Reached skill level 1 in Conjurations
  6130 | D:5      | Killed Menkaure
  6278 | D:5      | Found a runed translucent gate.
  6278 | D:5      | Found a runed translucent gate.
  6278 | D:5      | Found a runed translucent gate.
  6278 | D:5      | Noticed Armakuni's ghost (amateur HuMo)
  6279 | D:5      | Noticed ThreePoint314's ghost (novice DsGl)
  6279 | D:5      | Noticed ThreePoint314's ghost (novice HOCK)
  6669 | D:6      | Found an ancient bone altar of Kikubaaqudgha.
  6669 | D:6      | Noticed a steam dragon
  6719 | D:6      | Reached XP level 8. HP: 19/31 MP: 5/15
  6827 | D:6      | Reached skill level 5 in Spellcasting
  6836 | D:6      | Reached skill level 5 in Conjurations
  7086 | D:6      | Found a sand-covered staircase.
  7090 | Ossuary  | Entered an ossuary
  7319 | Ossuary  | Reached XP level 9. HP: 27/34 MP: 16/18
 10253 | D:6      | Reached skill level 1 in Fighting
 10348 | D:6      | Learned a level 2 spell: Ensorcelled Hibernation
 10352 | D:6      | Learned a level 3 spell: Tukima's Dance
 10440 | D:7      | Reached skill level 1 in Hexes
 11283 | D:7      | Got the Tome of Dark Arts
 11344 | D:7      | Found a staircase to the Ecumenical Temple.
 11401 | Temple   | Entered the Ecumenical Temple
 11623 | Temple   | Became a worshipper of Ru the Awakened
 12011 | D:7      | Reached XP level 10. HP: 38/40 MP: 11/20
 13384 | D:8      | Found a glowing golden altar of the Shining One.
 13769 | D:9      | Noticed a five-headed hydra
 13771 | D:9      | Slain by a five-headed hydra
 13772 | D:9      | Reached XP level 9. HP: -1/36 MP: 19/19
 13819 | D:9      | Killed a five-headed hydra
 13836 | D:9      | Gained mutation: You are missing an eye, making it more
                  | difficult to aim. [Ru sacrifice]
 14885 | D:9      | Noticed a kobold demonologist
 14890 | D:9      | Noticed a hellwing
 14892 | D:9      | Reached skill level 5 in Stealth
 14892 | D:9      | Reached skill level 5 in Unarmed Combat
 14892 | D:9      | Killed a kobold demonologist
 14893 | D:9      | Reached skill level 5 in Dodging
 14893 | D:9      | Reached XP level 10. HP: 35/42 MP: 1/20
 15069 | D:9      | Found a staircase to the Orcish Mines.
 15661 | D:10     | Entered Level 10 of the Dungeon
 16347 | D:10     | Gained mutation: You are slightly weak-willed. (Will-) [Ru
                  | sacrifice]
 16347 | D:10     | Reached * piety under Ru
 16347 | D:10     | Reached ** piety under Ru
 16592 | D:10     | Found a sparkling altar of Nemelex Xobeh.
 16595 | D:10     | Found a hide-covered altar of Uskayaw.
 16599 | D:10     | Found a shadowy altar of Dithmenos.
 16610 | D:10     | Noticed a two-headed ogre
 16623 | D:10     | Killed a two-headed ogre
 16831 | D:11     | Noticed a death yak
 16831 | D:11     | Noticed a death yak
 16866 | D:11     | Noticed a fire dragon
 16882 | D:11     | Noticed Psyche
 17251 | D:11     | Noticed a death yak
 17511 | D:11     | Found a staircase to the Lair.
 17567 | D:11     | Killed a death yak
 17568 | D:11     | Killed a death yak
 17569 | D:11     | Reached XP level 11. HP: 28/46 MP: 15/21
 17570 | D:11     | Killed a death yak
 18719 | Lair:1   | Entered Level 1 of the Lair of Beasts
 18719 | Lair:1   | Noticed a death yak
 18719 | Lair:1   | Noticed a death yak
 18719 | Lair:1   | Noticed a death yak
 18719 | Lair:1   | Noticed a death yak
 18719 | Lair:1   | Noticed a death yak
 18746 | D:11     | Killed a death yak
 18938 | Lair:1   | Demolished by a death yak
 18939 | Lair:1   | Reached XP level 10. HP: -21/42 MP: 20/20
 18939 | Lair:1   | Noticed a cane toad
 18947 | Lair:1   | Killed a cane toad
 18948 | Lair:1   | Reached skill level 5 in Hexes
 18949 | Lair:1   | Noticed a cane toad
 18950 | Lair:1   | Noticed a cane toad
 18963 | Lair:1   | Killed a cane toad
 18966 | Lair:1   | Killed a cane toad
 19167 | Lair:1   | Noticed a cane toad
 19184 | Lair:1   | Killed a cane toad
 19322 | Lair:1   | Gained mutation: You are frail. (-10% HP) [Ru sacrifice]
 19322 | Lair:1   | Reached *** piety under Ru
 19322 | Lair:1   | Reached **** piety under Ru
 19493 | Lair:1   | Noticed a cane toad
 19494 | Lair:1   | Noticed a cane toad
 19500 | Lair:1   | Killed a cane toad
 19501 | Lair:1   | Reached XP level 11. HP: 41/41 MP: 6/21
 19502 | Lair:1   | Reached skill level 10 in Conjurations
 19502 | Lair:1   | Reached skill level 10 in Ice Magic
 19585 | Lair:1   | Noticed a four-headed hydra
 19625 | Lair:1   | Mangled by a four-headed hydra
 19626 | Lair:1   | Reached XP level 10. HP: -7/37 MP: 17/20
 19626 | Lair:1   | Quit the game

Illustrated notes

Levels and vault maps discovered:
D:1:      lightli_arrival_windingriver, layout_loops_ring, serial_shops, shop,
          shapermc_ecumenical_altar_mp_vishouse, minmay_misc_feat_room,
          st_stairs_6
D:2:      layout_basic, hangedman_decor_peaks_small, minmay_lizard_king
D:3:      layout_loops_cross
D:4:      layout_basic, mainiacjoe_overflow_concentric_impassable,
          mainiacjoe_overflow_six_doors_small, hex_medium,
          kennysheep_generic_room_15
D:5:      layout_loops_ring, okawaru_altar_gauntlet_db, trog_ov_bears_minmay,
          gammafunk_ghost_cemetery, kennysheep_nub, uniq_menkaure
D:6:      layout_loops_ring, old_standard_altar, enter_ossuary_5
D:7:      layout_cave_pods, minmay_temple_entry_ruins, kennysheep_cluttered_room
D:8:      layout_loops_ring, nicolae_tso_swordbearing_angel
D:9:      layout_rooms, zombieorc2_lemuel
D:10:     layout_loops_ring, grunt_temple_overflow_diamond
D:11:     layout_stronghold, dpeg_lair_monsters, gauntlet_entry_generic,
          uniq_psyche
Temple:   nicolae_temple_figure_eight
Lair:1:   layout_loops_ring, basic_altar

Skill      XL: |  1  2  3  4  5  6  7  8  9 10 11 |
---------------+----------------------------------+-----
Unarmed Combat | 2 5 6 |  6.0
Spellcasting   | 3 4 5 6 |  6.0
Ice Magic      | 4 5 6 7 8 10 | 10.0
Evocations     | 3 4 |  4.0
Conjurations   | 2 5 8 7 10 | 10.0
Stealth        | 5 8 |  8.0
Dodging        | 5 6 |  6.0
Fighting       | 3 4 |  4.1
Hexes          | 4 6 |  6.0

Action                   |  1- 3 |  4- 6 |  7- 9 | 10-12 || total
-------------------------+-------+-------+-------+-------++-------
Melee: Unarmed           |     8 |   100 |   339 |   282 ||   729
       Bite              |       |    15 |    55 |    42 ||   112
       Punch             |       |       |    10 |    14 ||    24
 Cast: Freeze            |    44 |    25 |    29 |    26 ||   124
       Frozen Ramparts   |     3 |     8 |    24 |    17 ||    52
       Ozocubu's Armour  |       |     9 |    51 |    29 ||    89
       Hailstorm         |       |       |    37 |    38 ||    75
       Ensorcelled Hiber |       |       |       |     1 ||     1
Invok: Sacrifice an Eye  |       |       |     1 |       ||     1
       Sacrifice Essence |       |       |       |     1 ||     1
       Sacrifice Health  |       |       |       |     1 ||     1
Evoke: Wand              |       |     3 |     9 |     7 ||    19
  Use: Scroll            |     2 |     7 |    11 |    10 ||    30
       Potion            |       |       |       |     2 ||     2
 Stab: Sleeping          |     4 |    12 |    11 |     8 ||    35
       Distracted        |       |       |       |     1 ||     1
Armor: Skin              |     1 |    11 |    74 |    97 ||   183
Dodge: Dodged            |    25 |    85 |   273 |   315 ||   698
Block: Other             |       |     9 |       |       ||     9

Table legend: (Time is in decaauts)
 A = Elapsed time spent in this place.
 B = Non-inter-level travel time spent in this place.
 C = Inter-level travel time spent in this place.
 D = Time resting spent in this place.
 E = Time spent auto-exploring this place.
 F = Levels seen in this place.
 G = Mean time per level.
                   A        B        C        D        E       F      G
               +--------+--------+--------+--------+--------+-----+--------+
         Total |  17729 |  17051 |    678 |   4684 |   9620 |  14 | 1266.4 |
       Dungeon |  14818 |  14161 |    657 |   2845 |   9055 |  11 | 1347.1 |
        Temple |    193 |    174 |     19 |      0 |    172 |   1 |  193.0 |
          Lair |    640 |    640 |      0 |    175 |    350 |   1 |  640.0 |
       Ossuary |   2077 |   2077 |      0 |   1663 |     42 |   1 | 2077.0 |
               +--------+--------+--------+--------+--------+-----+--------+

Top non-repeatable levels by time:
 Ossuary: 2077 daAuts
    D:11: 1728 daAuts
     D:5: 1646 daAuts
     D:6: 1597 daAuts
     D:9: 1593 daAuts
     D:8: 1493 daAuts
     D:1: 1436 daAuts
     D:7: 1404 daAuts
     D:2: 1299 daAuts
    D:10: 1029 daAuts
     D:4: 918 daAuts
     D:3: 671 daAuts
  Lair:1: 640 daAuts
  Temple: 193 daAuts
